 Dungeon Crawl Stone Soup version 0.25-a0-707-g603da076d2 (webtiles) character file.

Game seed: 3735547367413989242, levelgen mode: deterministic

12515 Amnesiac the Spear-Bearer (level 11, -1/77 HPs)
             Began as a Merfolk Monk on Apr 5, 2020.
             Was a High Priest of Vehumet.
             Slain by a red ugly thing (4 damage)
             ... on level 11 of the Dungeon.
             The game lasted 00:28:19 (14061 turns).

Amnesiac the Spear-Bearer (Merfolk Monk)           Turns: 14061, Time: 00:28:20

Health: -1/77      AC:  7    Str: 12 (13) XL:     11   Next: 94%
Magic:  0/30       EV: 12    Int:  8 (10) God:    Vehumet [*****.]
Gold:   760        SH:  0    Dex: 18      Spells: 10/24 levels left

rFire    . . .     SeeInvis .   I - +3 lajatang (vamp)
rCold    . . .     Gourm    .   (shield currently unavailable)
rNeg     . . .     Faith    .   N - +0 ring mail {MR+}
rPois    +         Spirit   +   (helmet restricted)
rElec    .         Reflect  .   d - scarf {Spirit}
rCorr    .         Harm     .   m - +1 pair of gloves
MR       ++...                  (no boots)
Stlth    ++........             (no amulet)
HPRegen  0.00/turn              K - ring of poison resistance
MPRegen  0.22/turn              J - ring of magical power

@: no status effects
A: change form in water, swift swim, stealthy swim, antennae 1, magic resistance
1, inhibited regeneration
a: Renounce Religion


You were on level 11 of the Dungeon.
You worshipped Vehumet.
Vehumet was extremely pleased with you.
You were very hungry.

You visited 2 branches of the dungeon, and saw 12 of its levels.
You also visited: Bailey.

You collected 760 gold pieces.

Inventory:

Hand Weapons
 b - a +4 trident
 k - a +0 bardiche
 I - a +3 vampiric lajatang (weapon)
Missiles
 e - 13 curare-tipped darts (quivered)
Armour
 d - a scarf of spirit shield (worn)
 h - a +0 buckler
 m - a +1 pair of gloves (worn)
 N - a +0 ring mail of magic resistance (worn)
Jewellery
 w - a +3 ring of intelligence
 A - an uncursed ring of magical power
 J - a ring of magical power (right hand)
 K - a ring of poison resistance (left hand)
Wands
 l - a wand of paralysis (2)
 r - a wand of digging (11)
 t - a wand of acid (10)
 B - a wand of polymorph (13)
 H - a wand of flame (37)
 L - a wand of disintegration (26)
Scrolls
 a - 5 scrolls of identify {!r}
 g - 6 scrolls of remove curse {!r}
 i - 7 scrolls of teleportation {!r}
 x - 2 scrolls of fear {!r}
 y - 2 scrolls of blinking {!r}
 C - 4 scrolls of magic mapping {!r}
 F - 3 scrolls of fog {!r}
Potions
 f - 3 potions of mutation {!q}
 j - a potion of lignification {!q}
 n - 4 potions of might {!q}
 o - a potion of ambrosia {!q, unknown}
 p - a potion of experience {!q, unknown}
 s - 2 potions of brilliance {!q}
 u - 4 potions of degeneration {!q}
 v - a potion of heal wounds {!q}
 z - 3 potions of curing {!q, unknown}
 D - 2 potions of haste {!q}
 E - a potion of magic {!q}
 G - a potion of berserk rage {!q}
Miscellaneous
 q - a box of beasts
Comestibles
 c - 18 rations


   Skills:
 - Level 4.0 Fighting
 - Level 14.0 Polearms
 - Level 4.0 Dodging
 - Level 2.1 Stealth
 - Level 4.4 Shields
 + Level 7.2 Spellcasting
 - Level 2.0 Hexes
 - Level 4.0 Charms
 * Level 12.2 Ice Magic
 + Level 3.7 Evocations


You had 10 spell levels left.
You knew the following spells:

 Your Spells              Type           Power        Failure   Level  Hunger
a - Mephitic Cloud        Conj/Pois/Air  #.......     34%         3    ###....
e - Spectral Weapon       Hex/Chrm       #.......     38%         3    ###....
s - Conjure Flame         Conj/Fire      #.......     34%         3    ###....
v - Blink                 Tloc           N/A          58%         2    ##.....
z - Ozocubu's Armour      Chrm/Ice       ###.....     4%          3    ###....

Your spell library contained the following spells:

 Spells                   Type           Power        Failure   Level  Hunger
 Freezing Cloud           Conj/Ice/Air   #.........   96%         6    #######
 Infusion                 Chrm           #...         10%         1    None
 Magic Dart               Conj           #...         13%         1    None
 Shock                    Conj/Air       #...         13%         1    None
 Song of Slaying          Chrm           #.......     14%         2    ##.....
 Slow                     Hex            #.......     30%         2    ##.....
 Shroud of Golubria       Chrm/Tloc      #.....       32%         2    ##.....
 Swiftness                Chrm/Air       #.......     32%         2    ##.....
 Static Discharge         Conj/Air       #.......     34%         3    ###....
 Ice Form                 Ice/Tmut       ##......     36%         4    ####...
 Beastly Appendage        Tmut           #.....       43%         1    None
 Call Imp                 Summ           #.......     58%         2    ##.....
 Sticks to Snakes         Tmut           #.......     58%         2    ##.....
 Airstrike                Air            #.........   71%         4    ####...
 Spider Form              Tmut/Pois      #.........   82%         3    ###....
 Lightning Bolt           Conj/Air       #.........   95%         5    ######.
 Blade Hands              Tmut           #.........   100%        5    ######.


Dungeon Overview and Level Annotations

Branches:
Dungeon (11/15)            Temple (1/1) D:7            Lair (0/6) D:9
    Orc (0/2) D:11         Bailey (visited)

Altars:
Ashenzari
Cheibriados
Elyvilon
Hepliaklqana
Kikubaaqudgha
Nemelex Xobeh
Qazlal
Ru
Trog
Uskayaw
Vehumet
Wu Jian
Zin

Annotations:
D:11 Snorg


Innate Abilities, Weirdness & Mutations

You revert to your normal form in water.
You are very nimble and swift while swimming.
You are very stealthy in the water. (Stealth+)
You have a pair of small antennae on your head.
You are resistant to hostile enchantments. (MR+)
You do not regenerate when monsters are visible.


Message History

Your Ice Magic skill increases to level 12!
Things that are here:
a +0 giant club x2
C - 4 scrolls of magic mapping {!r} (gained 1)
Your magical contamination has completely faded away.
You now have 760 gold pieces (gained 15).
A brown ugly thing comes into view.
A brown ugly thing is nearby!
A brown ugly thing is nearby!
The brown ugly thing gurgles horribly!
Casting: Spectral Weapon (slightly dangerous; 41% risk of failure)
Confirm with . or Enter, or press ? or * to list all spells.
You draw out your weapon's spirit!
You slash the brown ugly thing!
The brown ugly thing is moderately wounded.
The brown ugly thing closely misses you.
You closely miss the brown ugly thing.
The brown ugly thing is heavily wounded.
The brown ugly thing engulfs your spectral weapon.
Your spectral weapon shares its damage with you!
Your spectral weapon is splashed with acid.
Your spectral weapon shares its damage with you!
You slash the brown ugly thing!
You kill the brown ugly thing!
Vehumet accepts your kill.
You feel your power returning.
You feel your strength returning.
Found a stone staircase leading down.
There is an open door here.
You open the door.
There is an open door here.
A red ugly thing comes into view.
Okay, then.
The red ugly thing gurgles horribly!
Your spectral weapon fades away.
The red ugly thing closely misses you.
Casting: Spectral Weapon (slightly dangerous; 38% risk of failure)
Confirm with . or Enter, or press ? or * to list all spells.
You draw out your weapon's spirit!
The red ugly thing headbutts you but does no damage.
You slash the red ugly thing!
The red ugly thing is lightly wounded.
You are feeling very hungry.
The red ugly thing barely misses you.
You hit the red ugly thing.
The red ugly thing is moderately wounded.
The red ugly thing headbutts you.
You are engulfed in flames!
You closely miss the red ugly thing.
The red ugly thing is lightly wounded.
The red ugly thing headbutts you!
* * * LOW HITPOINT WARNING * * *
You are engulfed in flames!
* * * LOW HITPOINT WARNING * * *
The red ugly thing barely misses you.
You closely miss the red ugly thing.
The red ugly thing is lightly wounded.
The red ugly thing headbutts you!
* * * LOW HITPOINT WARNING * * *
You are engulfed in flames!!
* * * LOW HITPOINT WARNING * * *
You closely miss the red ugly thing.
The red ugly thing is lightly wounded.
The red ugly thing headbutts you.
You die...

#...................# #...
#...................# #...
#..#######..........# #...
#..# #..........# #... #..#
#..........# #... #..#
#..........# #... #..#
#..........### #...
#..#######..(........[####...
#...........@u...............
#.....†#'#######...###.......
######.#.......#...#.'.......
#.#.......#...#.#.......
#.#.......#...#.#...####
#.#.......#...#.#...#...
#.#.......#...#.###'#...
#.#....>..'...#.........
..#.......#...#.........


You could see a red ugly thing and a friendly spectral +3 vampiric lajatang.

Vanquished Creatures
  2 two-headed ogres
  An ugly thing (D:11)
  Maggie (D:6)
  A troll (D:11)
  Grinder (D:6)
  Prince Ribbit (D:5)
  3 hippogriffs
  A spriggan (D:9)
  A wyvern (D:9)
  4 yaks (D:9)
  A hungry ghost (D:11)
  A water moccasin (D:8)
  18 orc warriors
  A sky beast (D:5)
  7 ice beasts
  A black bear (D:7)
  5 ogres
  2 necrophages (D:10)
  3 phantoms
  A crocodile (D:9)
  12 centaurs
  Blork the orc (D:5)
  A big kobold (D:11)
  8 bullfrogs
  A wyvern skeleton (D:3)
  2 scorpions (D:9)
  A water moccasin skeleton (D:5)
  A troll zombie (D:11)
  10 killer bees
  9 wights
  3 howler monkeys
  9 crimson imps
  2 centaur zombies (D:10)
  5 orc priests
  7 hounds
  2 jellies
  3 bullfrog skeletons
  7 orc wizards
  4 iguanas
  7 worker ants
  5 ogre zombies (D:11)
  2 worker ant zombies
  A howler monkey skeleton (D:10)
  8 gnolls
  10 adders
  2 shadow imps
  An ooze (D:1)
  3 adder skeletons
  5 worms
  A dart slug (D:3)
  5 leopard geckos
  61 orcs
  3 giant cockroaches
  15 goblins
  9 hobgoblins
  6 jackals
  7 quokkas
  A ball python (D:4)
  8 bats
  7 frilled lizards
  2 goblin skeletons (D:11)
  A goblin zombie (D:11)
  A hobgoblin skeleton (D:11)
  3 hobgoblin zombies (D:11)
  11 kobolds
  A leopard gecko zombie (D:5)
  An orc skeleton (D:11)
  12 orc zombies (D:11)
  7 rats
350 creatures vanquished.

Vanquished Creatures (others)
  10 fungi (D:9)
  9 plants
  6 spectral weapons
25 creatures vanquished.

Grand Total: 375 creatures vanquished

Notes
Turn   | Place    | Note
-------+----------+-------------------------------------------
     0 | D:1      | Amnesiac the Merfolk Monk began the quest for the Orb.
     0 | D:1      | Reached XP level 1. HP: 18/18 MP: 1/1
   166 | D:2      | Reached skill level 5 in Polearms
   172 | D:2      | Reached XP level 2. HP: 14/24 MP: 2/2
   273 | D:2      | Reached skill level 6 in Polearms
   273 | D:2      | Reached XP level 3. HP: 14/29 MP: 3/3
   412 | D:2      | Found a sacrificial altar of Ru.
   674 | D:3      | Reached skill level 1 in Shields
   674 | D:3      | Reached XP level 4. HP: 27/35 MP: 4/4
   924 | D:4      | Reached skill level 7 in Polearms
  1231 | D:4      | Reached XP level 5. HP: 37/41 MP: 5/5
  1284 | D:4      | You fall into a shaft and drop 1 floor!
  1284 | D:5      | Entered Level 5 of the Dungeon
  1284 | D:5      | Found a stormy altar of Qazlal.
  1469 | D:5      | Found a stormy altar of Qazlal.
  1567 | D:4      | Reached skill level 8 in Polearms
  1958 | D:5      | Reached XP level 6. HP: 39/47 MP: 6/6
  2080 | D:5      | Noticed a sky beast
  2173 | D:5      | Noticed Blork the orc
  2173 | D:5      | Noticed a phantom
  2225 | D:5      | Killed a phantom
  2225 | D:5      | Reached skill level 9 in Polearms
  2251 | D:5      | Noticed Prince Ribbit
  2338 | D:5      | Reached XP level 7. HP: 52/52 MP: 7/7
  2485 | D:5      | Reached skill level 10 in Polearms
  2555 | D:5      | Found an ornate altar of the Wu Jian Council.
  2571 | D:5      | Got a brightly glowing short sword
  2572 | D:5      | Identified the +0 short sword of a volcano {speed, rElec
                  | rC+ rN+ Int+2} (You found it on level 5 of the Dungeon)
  2828 | D:6      | Noticed Grinder
  2854 | D:6      | Killed Grinder
  2854 | D:6      | Reached skill level 11 in Polearms
  2854 | D:6      | Reached XP level 8. HP: 47/58 MP: 8/8
  2923 | D:6      | Found a hazy altar of Hepliaklqana.
  2923 | D:6      | Found a glowing silver altar of Zin.
  3171 | D:6      | Learned a level 3 spell: Spectral Weapon
  3454 | D:6      | Reached skill level 12 in Polearms
  3494 | D:6      | Noticed Maggie
  3504 | D:6      | Killed Maggie
  3504 | D:6      | Reached skill level 13 in Polearms
  3794 | D:6      | Reached XP level 9. HP: 65/65 MP: 9/9
  3995 | D:7      | Reached skill level 14 in Polearms
  4008 | D:6      | Reached skill level 1 in Charms
  4129 | D:7      | Reached skill level 1 in Spellcasting
  4129 | D:7      | Reached skill level 1 in Hexes
  4491 | D:7      | Found a staircase to the Ecumenical Temple.
  4500 | Temple   | Entered the Ecumenical Temple
  4506 | Temple   | Became a worshipper of Vehumet
  4506 | Temple   | Reached * piety under Vehumet
  4506 | Temple   | Offered knowledge of Magic Dart by Vehumet.
  4506 | Temple   | Reached ** piety under Vehumet
  4737 | D:1      | Offered knowledge of Sandblast by Vehumet.
  4917 | D:1      | Learned a level 3 spell: Ozocubu's Armour
  5577 | D:2      | Offered knowledge of Inner Flame by Vehumet.
  6221 | D:3      | Reached *** piety under Vehumet
  6430 | D:4      | Reached skill level 1 in Ice Magic
  6550 | D:5      | Killed Blork the orc
  6610 | D:5      | Killed Prince Ribbit
  6771 | D:7      | Offered knowledge of Fulminant Prism by Vehumet.
  6922 | D:7      | Reached skill level 5 in Ice Magic
  7660 | D:8      | Reached XP level 10. HP: 59/71 MP: 14/14
  8003 | D:8      | Found a flagged portal.
  8037 | Bailey   | Entered a bailey
  8049 | Bailey   | Reached **** piety under Vehumet
  8712 | Bailey   | Offered knowledge of Hailstorm by Vehumet.
  9751 | D:8      | Noticed a two-headed ogre
  9758 | D:8      | Killed a two-headed ogre
  9758 | D:8      | Reached skill level 5 in Spellcasting
 10146 | D:8      | Found a sacrificial altar of Ru.
 10575 | D:9      | Reached XP level 11. HP: 77/77 MP: 17/19
 10641 | D:9      | Reached skill level 10 in Ice Magic
 10986 | D:9      | Found a staircase to the Lair.
 11466 | D:9      | Reached skill level 1 in Evocations
 11589 | D:9      | Reached ***** piety under Vehumet
 11767 | D:10     | Entered Level 10 of the Dungeon
 11794 | D:10     | Offered knowledge of Freezing Cloud by Vehumet.
 11819 | D:10     | Learned a level 2 spell: Blink
 11823 | D:10     | Learned a level 3 spell: Conjure Flame
 11827 | D:10     | Learned a level 3 spell: Mephitic Cloud
 13105 | D:11     | HP: 2/77 [orc warrior/+0 short sword (10)]
 13108 | D:11     | Gained mutation: You have a pair of small antennae on your
                  | head. [potion of mutation]
 13108 | D:11     | Gained mutation: You do not regenerate when monsters are
                  | visible. [potion of mutation]
 13108 | D:11     | Gained mutation: You are resistant to hostile enchantments.
                  | (MR+) [potion of mutation]
 13399 | D:11     | Found a staircase to the Orcish Mines.
 13443 | D:11     | Noticed Snorg
 13964 | D:11     | Noticed a two-headed ogre
 13974 | D:11     | Killed a two-headed ogre
 14017 | D:11     | Noticed a brown ugly thing
 14027 | D:11     | Killed a brown ugly thing
 14038 | D:11     | Noticed a red ugly thing
 14060 | D:11     | HP: 3/77 [red ugly thing (16)]
 14061 | D:11     | Slain by a red ugly thing

Levels and vault maps discovered:
D:1:      minmay_arrival_four_houses, layout_basic, minmay_misc_feat_cross,
          nrook_campfire, minmay_bisected
D:2:      wad_woods_stonehenge, layout_basic, minmay_ruptured
D:3:      layout_loops_ring, first_ration, minivault_19, hangedman_decor_growths
D:4:      layout_loops_ring
D:5:      layout_loops_ring, lemuel_round_altar, basic_altar,
          nicolae_qazlal_general_emergency, uniq_blork_the_orc,
          uniq_prince_ribbit1
D:6:      layout_gridville, gammafunk_temple_overflow_pools,
          serial_bayou_pond_d, minmay_holes, uniq_maggie, uniq_grinder
D:7:      layout_layer_cave, minmay_temple_entry_tees
D:8:      layout_basic, nicolae_ru_path_of_blood, enter_bailey_3
D:9:      layout_roguey, grunt_lair_entry_orc_guard_hut, grunt_pizzeria,
          grunt_ministairs_10, minmay_increasing_density
D:10:     layout_small_grid, serial_undead, serial_undead_f, serial_undead_f,
          serial_undead_a, serial_undead_e
D:11:     layout_irregular_city, zombieorc2_lemuel, uniq_snorg
Temple:   eino_narrow_crystal_temple

Skill      XL: |  1  2  3  4  5  6  7  8  9 10 11 |
---------------+----------------------------------+-----
Polearms       | 5 6 7 8 9 11 13 14 | 14.0
Shields        | 1 2 3 4 |  4.4
Fighting       | 4 |  4.0
Charms         | 4 |  4.0
Spellcasting   | 3 5 7 |  7.2
Hexes          | 2 |  2.0
Ice Magic      | 5 9 12 | 12.2
Evocations     | 3 |  3.7
Dodging        | |  4.0
Stealth        | |  2.1

Action                   |  1- 3 |  4- 6 |  7- 9 | 10-12 || total
-------------------------+-------+-------+-------+-------++-------
Melee: Dagger            |   153 |   114 |       |       ||   267
       Spear             |     6 |       |       |       ||     6
       Trident           |       |    55 |   408 |       ||   463
       Lajatang          |       |       |    76 |   734 ||   810
       Tailslap          |       |       |       |    18 ||    18
Throw: Throwing net      |       |       |       |     2 ||     2
 Cast: Spectral Weapon   |       |       |     3 |    18 ||    21
Evoke: Wand              |       |       |     8 |    15 ||    23
  Use: Scroll            |       |       |    14 |     1 ||    15
       Potion            |       |       |       |     5 ||     5
 Stab: Sleeping          |     2 |     6 |    10 |     1 ||    19
       Paralysed         |       |       |    11 |     7 ||    18
       Distracted        |       |       |     3 |     1 ||     4
  Eat: Chunk             |       |     4 |    19 |    20 ||    43
       Ration            |       |       |       |     1 ||     1
Armor: Robe              |     5 |    20 |     4 |       ||    29
       Ring mail         |       |       |    66 |   198 ||   264
Dodge: Dodged            |    36 |    75 |   183 |   549 ||   843
Block: Buckler           |     8 |    17 |    56 |       ||    81

Table legend:
 A = Non-vault XP
 B = Vault XP
 C = Vault XP percentage of total XP
 D = Non-vault monster count
 E = Vault monster count
 F = Vault count percentage of total count
                 A         B        C        D         E       F
            +---------+---------+-------+---------+---------+-------
      Total |   11987 |    5892 |  33.0 |     238 |     112 |  32.0
            +---------+---------+-------+---------+---------+-------
        D:1 |      39 |       6 |  13.3 |      20 |       4 |  16.7
        D:2 |      96 |      44 |  31.4 |      11 |      12 |  52.2
        D:3 |     112 |       0 |   0.0 |      19 |       0 |   0.0
        D:4 |     202 |       0 |   0.0 |      17 |       0 |   0.0
        D:5 |     674 |     355 |  34.5 |      18 |       2 |  10.0
        D:6 |     998 |     699 |  41.2 |      24 |       2 |   7.7
        D:7 |    1269 |       0 |   0.0 |      25 |       0 |   0.0
        D:8 |    1962 |       7 |   0.4 |      17 |       4 |  19.0
        D:9 |    2385 |    1316 |  35.6 |      37 |      13 |  26.0
       D:10 |    1854 |     521 |  21.9 |      27 |       7 |  20.6
       D:11 |    2396 |     654 |  21.4 |      23 |      29 |  55.8
     Bailey |       0 |    2290 | 100.0 |       0 |      39 | 100.0
            +---------+---------+-------+---------+---------+-------
